cohdb
Replays
Latest Replays
All Replays
Popular Replays
Top Player Replays
Match Explorer
How It Works
Community
CoH3 Stats
Reddit
Sign in to upload your games and track your stats! →
Sign in with Steam
Match 43119645
Unlisted
Match 43119645
Overview
Messages
Build Orders
End
Construct Infanterie Kompanie
Pioneer Squad
Grenadier Squad
Grenadier Squad
Grenadier Squad
MG 42 Machine Gun Team
Construct Luftwaffe Kompanie
Jäger Squad
Flak 30 Anti-aircraft Gun Team
Luftwaffe Officer Quarters
Selects Italian Coastal Battlegroup
Selects Support Bunkers
Selects Rapid Fortifications
Rapid Fortifications
MG 42 Bunker
Support Elements
Rapid Fortifications
Medical Bunker
Wirbelwind Flakpanzer
Rapid Fortifications
Anti-tank Bunker
Marder III M Tank Destroyer
Selects Bulwark
Selects Coastal Reserves
Marder III M Tank Destroyer
Rapid Fortifications
Side Skirts
Selects Artillery Officer
Selects Obice da 210/22 Artillery Emplacement
MG 42 Bunker
Rapid Fortifications
Jäger Squad
Pioneer Squad
Marder III M Tank Destroyer
iceman
Emin3nt
BigKatSimba
nathannecro
Parmenides
Mecska
0
0
Comments
sign in to comment!
No comments posted yet!